[Event "9th RTU Open 2019"]
[Site "Riga"]
[Date "2019.08.07"]
[Round "4.17"]
[White "Stauskas, Lukas"]
[Black "Sulskis, Sarunas"]
[Result "0-1"]
[ECO "E39"]
[WhiteElo "2306"]
[BlackElo "2528"]
[Annotator "ChessBase"]
[PlyCount "66"]
[EventDate "2019.08.05"]
[EventType "swiss"]
[EventCountry "LAT"]
[SourceTitle "playchess.com"]
[Source "ChessBase"]
[SourceQuality "1"]
[TimeControl "5400+30"]

1. d4 Nf6 2. c4 e6 3. Nc3 Bb4 4. Qc2 c5 5. dxc5 O-O 6. Nf3 Na6 7. g3 Nxc5 8. Bg2 b6 9. O-O Bb7 10. Nb5 Be4 11. Qd1 Nb7 12. a3 Be7 13. Bf4 Rc8 14. Rc1 a6 15. Nd6 Nxd6 16. Bxd6 Bxd6 17. Qxd6 Rc6 18. Qd4 Qc7 19. Ne5 Bxg2 20. Kxg2 Rc5 21. Nd3 Rh5 22. f3 e5 23. Qe3 e4 24. Nf2 Re8 25. Qd4 Qc6 26. Rfd1 Rhe5 27. Rc3 h5 28. Kf1 exf3 29. exf3 Re2 30. Rd2 Re1+ 31. Kg2 Ng4 32. Qxd7 Qxd7 33. Rxd7 Nxf2 0-1

[Event "9th RTU Open 2019"]
[Site "Riga"]
[Date "2019.08.07"]
[Round "4.18"]
[White "Grigorov, Grigor"]
[Black "Maltsevskaya, Aleksandra"]
[Result "1-0"]
[ECO "E60"]
[WhiteElo "2501"]
[BlackElo "2294"]
[Annotator "ChessBase"]
[PlyCount "85"]
[EventDate "2019.08.05"]
[EventType "swiss"]
[EventCountry "LAT"]
[SourceTitle "playchess.com"]
[Source "ChessBase"]
[SourceQuality "1"]
[TimeControl "5400+30"]

1. Nf3 Nf6 2. c4 g6 3. b3 Bg7 4. Bb2 O-O 5. g3 d6 6. d4 b6 7. Bg2 Bb7 8. Nc3 Ne4 9. O-O Nd7 10. Qc2 Nxc3 11. Bxc3 e5 12. dxe5 Nxe5 13. Nxe5 Bxg2 14. Nxf7 Rxf7 15. Kxg2 Bxc3 16. Qxc3 Qd7 17. e4 Re8 18. Rae1 a5 19. Re3 a4 20. b4 h5 21. h4 Qc6 22. Qd4 b5 23. Qd5 Qxc4 24. Qxc4 bxc4 25. Rc1 Rfe7 26. Rxc4 d5 27. exd5 Rxe3 28. fxe3 Rxe3 29. Rxc7 Kf8 30. d6 Rd3 31. Rc8+ Kf7 32. Ra8 Ke6 33. Rxa4 Kf5 34. b5 Rxd6 35. Rf4+ Ke5 36. a4 Rd2+ 37. Kh3 Rb2 38. Rc4 Kf5 39. Rc5+ Ke4 40. a5 Kd4 41. Rg5 Ke3 42. Rxg6 Kf2 43. Rg5 1-0

[Event "9th RTU Open 2019"]
[Site "Riga"]
[Date "2019.08.07"]
[Round "4.19"]
[White "Salomon, Johan"]
[Black "Heinemann, Josefine"]
[Result "1-0"]
[ECO "A34"]
[WhiteElo "2514"]
[BlackElo "2255"]
[Annotator "ChessBase"]
[PlyCount "185"]
[EventDate "2019.08.05"]
[EventType "swiss"]
[EventCountry "LAT"]
[SourceTitle "playchess.com"]
[Source "ChessBase"]
[SourceQuality "1"]
[TimeControl "5400+30"]

1. c4 c5 2. Nc3 Nf6 3. g3 d5 4. cxd5 Nxd5 5. Bg2 Nc7 6. d3 e5 7. Nf3 Nc6 8. Nd2 Bd7 9. O-O Be7 10. Nc4 f6 11. f4 O-O 12. fxe5 fxe5 13. Rxf8+ Bxf8 14. a4 Rb8 15. Be3 Qe7 16. Qd2 Nd4 17. Rf1 Bc6 18. Bxc6 Nxc6 19. Qd1 Qe6 20. Ne4 b6 21. Ng5 Qd5 22. Rf5 Be7 23. Ne4 Qe6 24. Rf1 h6 25. Bd2 Nd5 26. Qe1 Nf6 27. Nxf6+ Bxf6 28. Bc3 Rf8 29. e4 Rd8 30. Qe2 Ne7 31. Ne3 Kh7 32. Ng4 Ng8 33. Qf3 Rd6 34. Kg2 Qd7 35. Nxe5 Bxe5 36. Bxe5 Rxd3 37. Qf5+ Qxf5 38. Rxf5 Kg6 39. Rf3 Rd2+ 40. Rf2 Rd3 41. Bb8 a6 42. Ba7 Re3 43. Bxb6 Rxe4 44. a5 c4 45. Kf3 Re5 46. Rc2 Rb5 47. Rxc4 Rb3+ 48. Rc3 Rxb2 49. Rc6+ Nf6 50. Bf2 Kf5 51. Rxa6 Ng4 52. Bd4 Nxh2+ 53. Ke3 Rb3+ 54. Ke2 Rxg3 55. Ra8 Rg2+ 56. Kd3 Nf3 57. Rf8+ Kg4 58. Bxg7 h5 59. Bc3 Ra2 60. Kc4 Nd2+ 61. Kb4 Ne4 62. Be5 Nc5 63. Kxc5 Rxa5+ 64. Kd4 Ra4+ 65. Ke3 h4 66. Rf1 h3 67. Rf8 h2 68. Bxh2 Kg5 69. Be5 Kg6 70. Bd4 Ra2 71. Kf4 Ra5 72. Rf6+ Kh7 73. Be5 Ra2 74. Kf5 Rf2+ 75. Bf4 Rf1 76. Ke6 Rg1 77. Rh6+ Kg7 78. Rh2 Kg6 79. Rh8 Rg4 80. Be5 Rg5 81. Bf4 Rg4 82. Ke5 Kg7 83. Ra8 Rg1 84. Kf5 Rf1 85. Ra7+ Kf8 86. Ke5 Kg8 87. Bg5 Rf7 88. Be7 Rf1 89. Bf6 Kf8 90. Ke6 Re1+ 91. Be5 Kg8 92. Ra2 Rf1 93. Rh2 1-0

[Event "9th RTU Open 2019"]
[Site "Riga"]
[Date "2019.08.07"]
[Round "4.20"]
[White "Afanasiev, Vadim"]
[Black "Jurcik, Marian"]
[Result "1/2-1/2"]
[ECO "D31"]
[WhiteElo "2263"]
[BlackElo "2501"]
[Annotator "ChessBase"]
[PlyCount "28"]
[EventDate "2019.08.05"]
[EventType "swiss"]
[EventCountry "LAT"]
[SourceTitle "playchess.com"]
[Source "ChessBase"]
[SourceQuality "1"]
[TimeControl "5400+30"]

1. d4 d5 2. c4 e6 3. Nc3 a6 4. cxd5 exd5 5. Bf4 Nf6 6. e3 Bd6 7. Bg5 Be6 8. Bd3 h6 9. Bh4 Nbd7 10. f4 Nb6 11. Nf3 Bg4 12. h3 Bxf3 13. Qxf3 Be7 14. O-O-O Qd6 1/2-1/2

[Event "9th RTU Open 2019"]
[Site "Riga"]
[Date "2019.08.07"]
[Round "4.21"]
[White "Siniauski, Artsiom"]
[Black "Zanan, Evgeny"]
[Result "1/2-1/2"]
[ECO "B28"]
[WhiteElo "2205"]
[BlackElo "2505"]
[Annotator "ChessBase"]
[PlyCount "50"]
[EventDate "2019.08.05"]
[EventType "swiss"]
[EventCountry "LAT"]
[SourceTitle "playchess.com"]
[Source "ChessBase"]
[SourceQuality "1"]
[TimeControl "5400+30"]

1. e4 c5 2. Nf3 a6 3. c4 Nc6 4. Nc3 e5 5. Be2 d6 6. a3 a5 7. d3 Be7 8. Nd5 f5 9. Qb3 Ra6 10. Be3 Nf6 11. exf5 Nxd5 12. cxd5 Nd4 13. Bxd4 a4 14. Qb5+ Bd7 15. Qxb7 Rb6 16. Qa7 exd4 17. Nd2 Rxb2 18. Nc4 Rb8 19. Bh5+ Kf8 20. Bg4 h5 21. Bh3 Bb5 22. O-O Ra8 23. Qb7 Rb8 24. Qa7 Ra8 25. Qb7 Rb8 1/2-1/2

[Event "9th RTU Open 2019"]
[Site "Riga"]
[Date "2019.08.07"]
[Round "4.22"]
[White "Olde, Margareth"]
[Black "Hirneise, Tobias"]
[Result "0-1"]
[ECO "D12"]
[WhiteElo "2126"]
[BlackElo "2459"]
[Annotator "ChessBase"]
[PlyCount "62"]
[EventDate "2019.08.05"]
[EventType "swiss"]
[EventCountry "LAT"]
[SourceTitle "playchess.com"]
[Source "ChessBase"]
[SourceQuality "1"]
[TimeControl "5400+30"]

1. d4 d5 2. c4 c6 3. Nf3 Nf6 4. e3 Bf5 5. Nc3 e6 6. Nh4 Be4 7. f3 Bg6 8. Qb3 Qc7 9. Bd2 Be7 10. g3 O-O 11. Nxg6 hxg6 12. Rc1 Qd7 13. cxd5 cxd5 14. Bb5 Nc6 15. O-O Rfc8 16. Na4 Bd6 17. Rc2 g5 18. g4 Qe7 19. Nc5 e5 20. Nxb7 Nxd4 21. exd4 Qxb7 22. Rxc8+ Rxc8 23. dxe5 Bxe5 24. Bxg5 Rb8 25. Ba4 Qa6 26. Qd1 Rxb2 27. f4 Nxg4 28. Bc2 Qb6+ 29. Kh1 Nf2+ 30. Rxf2 Qxf2 31. Bh4 Qxc2 0-1

[Event "9th RTU Open 2019"]
[Site "Riga"]
[Date "2019.08.07"]
[Round "4.23"]
[White "Usmanov, Vasily"]
[Black "Shailesh, Dravid"]
[Result "1/2-1/2"]
[ECO "A48"]
[WhiteElo "2443"]
[BlackElo "2254"]
[Annotator "NA"]
[PlyCount "137"]
[EventDate "2019.08.05"]
[EventType "swiss"]
[EventCountry "LAT"]
[SourceTitle "playchess.com"]
[Source "ChessBase"]
[SourceQuality "1"]
[TimeControl "5400+30"]

1. d4 Nf6 2. Nf3 g6 3. Bf4 Bg7 4. e3 O-O 5. Be2 d6 6. O-O Nbd7 7. h3 b6 8. a4 a5 9. Nbd2 Bb7 10. c3 Qe8 11. Bb5 e6 12. Qc2 Qe7 13. e4 Nh5 14. Bg5 f6 15. Be3 f5 16. Bg5 Bf6 17. Bh6 Bg7 18. Bg5 Bf6 19. Bh6 Bg7 20. Bxg7 Nxg7 21. e5 d5 22. Qb3 h6 23. Qa3 Qf7 24. h4 Ba6 25. Rfc1 Bb7 26. g3 Rfc8 27. b4 c6 28. Be2 Ne8 29. Nb3 axb4 30. cxb4 Qf8 31. Ne1 Nc7 32. Nd3 Ba6 33. Rxc6 Bb5 34. Rd6 Bxa4 35. Qb2 Qe7 36. Nf4 g5 37. hxg5 hxg5 38. Nh5 Ne8 39. Rxa4 Rxa4 40. Bb5 Ra7 41. Bxd7 Rxd7 42. Rxb6 Qf7 43. Qe2 Ra7 44. Nc5 Ra1+ 45. Kg2 g4 46. Ra6 Rb1 47. Qc2 Rxb4 48. Qd2 Qxh5 49. Qxb4 Rc7 50. Rxe6 Rh7 51. Rxe8+ Qxe8 52. Qb3 Qf7 53. Qb8+ Kg7 54. Qd8 Rh6 55. Qg5+ Rg6 56. Qe3 Rh6 57. Qg5+ Rg6 58. Qe3 Rh6 59. Kf1 Rh1+ 60. Ke2 Kg6 61. Nd3 Qa7 62. Nf4+ Kh7 63. Qd3 Qa2+ 64. Ke3 Re1+ 65. Ne2 Kg7 66. Qb5 Qc2 67. Qd7+ Kf8 68. Qd8+ Kg7 69. Qe7+ 1/2-1/2

[Event "9th RTU Open 2019"]
[Site "Riga"]
[Date "2019.08.07"]
[Round "4.24"]
[White "Tari, Aryan"]
[Black "Varshini, V."]
[Result "1-0"]
[ECO "A28"]
[WhiteElo "2620"]
[BlackElo "2087"]
[Annotator "ChessBase"]
[PlyCount "45"]
[EventDate "2019.08.05"]
[EventType "swiss"]
[EventCountry "LAT"]
[SourceTitle "playchess.com"]
[Source "ChessBase"]
[SourceQuality "1"]
[TimeControl "5400+30"]

1. c4 e5 2. Nc3 Nf6 3. Nf3 Nc6 4. e4 Bc5 5. Nxe5 Nxe5 6. d4 Bxd4 7. Qxd4 d6 8. Be2 Be6 9. f4 Nc6 10. Qd1 h6 11. O-O O-O 12. b3 Re8 13. Bb2 Bd7 14. Bf3 a6 15. Re1 Nh7 16. Qd2 b5 17. cxb5 axb5 18. Nxb5 Ne5 19. Be2 Ng6 20. Bc4 Bxb5 21. Bxb5 c6 22. Bxc6 Qb6+ 23. Qd4 1-0

[Event "9th RTU Open 2019"]
[Site "Riga"]
[Date "2019.08.07"]
[Round "4.25"]
[White "Saveliev, Alexei"]
[Black "Smirin, Ilia"]
[Result "0-1"]
[ECO "B93"]
[WhiteElo "2355"]
[BlackElo "2594"]
[Annotator "ChessBase"]
[PlyCount "66"]
[EventDate "2019.08.05"]
[EventType "swiss"]
[EventCountry "LAT"]
[SourceTitle "playchess.com"]
[Source "ChessBase"]
[SourceQuality "1"]
[TimeControl "5400+30"]

1. e4 c5 2. Nf3 d6 3. d4 cxd4 4. Nxd4 Nf6 5. Nc3 a6 6. Be2 Nbd7 7. f4 g6 8. Be3 Bg7 9. O-O O-O 10. Bf3 e5 11. Nde2 exf4 12. Nxf4 Ne5 13. Be2 Be6 14. Bd4 Nc6 15. Be3 Re8 16. Kh1 Rc8 17. Qd2 Ne5 18. Nxe6 fxe6 19. Bg5 Rf8 20. Rad1 Nf7 21. Bh4 Nxe4 22. Qf4 Neg5 23. Ne4 h6 24. Bd3 d5 25. Nf6+ Kh8 26. Bxg6 Rc4 27. Ne4 Ne5 28. Bxg5 Rxf4 29. Bxd8 Nxg6 30. Ng3 Rxf1+ 31. Rxf1 Rxc2 32. Nh5 Bxb2 33. g3 Rc1 0-1

[Event "9th RTU Open 2019"]
[Site "Riga"]
[Date "2019.08.07"]
[Round "4.26"]
[White "Wagner, Dennis"]
[Black "Kruglyakov, Pavlo"]
[Result "1-0"]
[ECO "D77"]
[WhiteElo "2579"]
[BlackElo "2347"]
[Annotator "ChessBase"]
[PlyCount "81"]
[EventDate "2019.08.05"]
[EventType "swiss"]
[EventCountry "LAT"]
[SourceTitle "playchess.com"]
[Source "ChessBase"]
[SourceQuality "1"]
[TimeControl "5400+30"]

1. d4 Nf6 2. Nf3 g6 3. g3 Bg7 4. Bg2 O-O 5. O-O d5 6. c4 dxc4 7. Na3 c3 8. bxc3 c5 9. Bb2 Nc6 10. Re1 Qb6 11. Nc4 Qb5 12. Qb3 Qa6 13. Nce5 Be6 14. Qa3 Qxa3 15. Bxa3 Nd5 16. Nxc6 bxc6 17. Rec1 Bh6 18. e3 Nxe3 19. fxe3 Bxe3+ 20. Kh1 Bxc1 21. Rxc1 Bxa2 22. Bxc5 f6 23. c4 Rab8 24. Nd2 Rb2 25. Rd1 Rfb8 26. Bxc6 Rc2 27. Be4 Rc3 28. Bd5+ Kg7 29. Bxe7 Rc2 30. Be4 Rc3 31. d5 Bxc4 32. Nxc4 Rxc4 33. Bg2 Kf7 34. d6 Rc2 35. Bd5+ Ke8 36. Bxf6 Kd7 37. Bg2 Ke6 38. Bg5 Kf5 39. Be3 g5 40. Bxa7 Rbb2 41. d7 1-0

[Event "9th RTU Open 2019"]
[Site "Riga"]
[Date "2019.08.07"]
[Round "4.27"]
[White "Sowray, Peter J"]
[Black "Lalith Babu M R"]
[Result "0-1"]
[ECO "E46"]
[WhiteElo "2334"]
[BlackElo "2580"]
[Annotator "ChessBase"]
[PlyCount "82"]
[EventDate "2019.08.05"]
[EventType "swiss"]
[EventCountry "LAT"]
[SourceTitle "playchess.com"]
[Source "ChessBase"]
[SourceQuality "1"]
[TimeControl "5400+30"]

1. d4 Nf6 2. c4 e6 3. Nc3 Bb4 4. e3 O-O 5. Nge2 Re8 6. a3 Bf8 7. Ng3 d5 8. Be2 b6 9. O-O c5 10. dxc5 bxc5 11. Bf3 Bb7 12. Nge2 Nc6 13. cxd5 Ne5 14. dxe6 Nxf3+ 15. gxf3 Qxd1 16. exf7+ Kxf7 17. Rxd1 Bxf3 18. Rd2 h5 19. Kf1 Bc6 20. h3 a5 21. Nf4 Rab8 22. Nfd5 Nxd5 23. Nxd5 g6 24. Nc3 Bf3 25. Rc2 Rb3 26. Bd2 Reb8 27. Na4 Bc6 28. Nxc5 Rxb2 29. Rac1 Rxc2 30. Rxc2 Bb5+ 31. Kg2 Rc8 32. Bxa5 Rxc5 33. Rxc5 Bxc5 34. Bb4 Bxb4 35. axb4 h4 36. f4 Bc6+ 37. Kf2 Kf6 38. Kf1 Kf5 39. Kg1 Ke4 40. Kf2 Kd3 41. b5 Bb7 0-1

[Event "9th RTU Open 2019"]
[Site "Riga"]
[Date "2019.08.07"]
[Round "4.28"]
[White "Kramer, Julian"]
[Black "Kulaots, Kaido"]
[Result "1/2-1/2"]
[ECO "B36"]
[WhiteElo "2352"]
[BlackElo "2560"]
[Annotator "ChessBase"]
[PlyCount "92"]
[EventDate "2019.08.05"]
[EventType "swiss"]
[EventCountry "LAT"]
[SourceTitle "playchess.com"]
[Source "ChessBase"]
[SourceQuality "1"]
[TimeControl "5400+30"]

1. e4 c5 2. Nf3 Nc6 3. d4 cxd4 4. Nxd4 g6 5. c4 Nf6 6. Nc3 Nxd4 7. Qxd4 d6 8. Be2 Bg7 9. Be3 O-O 10. Qd2 Be6 11. f3 Qa5 12. Nb5 Qxd2+ 13. Kxd2 Nd7 14. Nd4 Nc5 15. b4 Nd7 16. Rhc1 a5 17. a3 Rfc8 18. Rab1 axb4 19. axb4 b6 20. Ra1 h5 21. Rxa8 Rxa8 22. Nxe6 fxe6 23. Rc2 Kf7 24. c5 bxc5 25. bxc5 dxc5 26. Bxc5 Be5 27. g3 Nxc5 28. Rxc5 Bd4 29. Rc6 Ra2+ 30. Kd1 Be3 31. Bc4 Rxh2 32. Rxe6 Rg2 33. f4 Rxg3 34. f5 gxf5 35. exf5 Kf8 36. Rg6 h4 37. Ke2 Bd4 38. Rxg3 hxg3 39. Kf3 Be5 40. Be6 Kg7 41. Kg2 Kf6 42. Kf3 Kg5 43. Kg2 Kf4 44. Bd7 Kg5 45. Be6 Kf4 46. Bd7 Kg5 1/2-1/2

[Event "9th RTU Open 2019"]
[Site "Riga"]
[Date "2019.08.07"]
[Round "4.29"]
[White "Stany, G.A."]
[Black "Runets, Ivan"]
[Result "1-0"]
[ECO "B80"]
[WhiteElo "2525"]
[BlackElo "2239"]
[Annotator "ChessBase"]
[PlyCount "57"]
[EventDate "2019.08.05"]
[EventType "swiss"]
[EventCountry "LAT"]
[SourceTitle "playchess.com"]
[Source "ChessBase"]
[SourceQuality "1"]
[TimeControl "5400+30"]

1. e4 c5 2. Nf3 Nc6 3. d4 cxd4 4. Nxd4 e6 5. Nc3 d6 6. Be3 Nf6 7. f3 Be7 8. Qd2 a6 9. O-O-O O-O 10. Kb1 Qc7 11. g4 b5 12. h4 Bb7 13. g5 Nd7 14. h5 Nxd4 15. Qxd4 Ne5 16. h6 Rfc8 17. f4 b4 18. Qxb4 Nd7 19. hxg7 Rab8 20. Ka1 Nc5 21. Qd4 Ba8 22. Qd2 Kxg7 23. Qh2 Rh8 24. Bd4+ e5 25. fxe5 Kg8 26. e6 Bxg5 27. exf7+ Qxf7 28. Rg1 Ne6 29. Bc4 1-0

[Event "9th RTU Open 2019"]
[Site "Riga"]
[Date "2019.08.07"]
[Round "4.30"]
[White "Stremavicius, Titas"]
[Black "Borisovsky, Dmitry"]
[Result "1-0"]
[ECO "A30"]
[WhiteElo "2474"]
[BlackElo "2326"]
[Annotator "ChessBase"]
[PlyCount "149"]
[EventDate "2019.08.05"]
[EventType "swiss"]
[EventCountry "LAT"]
[SourceTitle "playchess.com"]
[Source "ChessBase"]
[SourceQuality "1"]
[TimeControl "5400+30"]

1. c4 Nf6 2. Nf3 c5 3. g3 d5 4. cxd5 Nxd5 5. b3 Nc6 6. Bb2 f6 7. d3 e5 8. Nbd2 Be6 9. Rc1 Qd7 10. a3 Be7 11. Bg2 O-O 12. O-O Rac8 13. Ne4 Na5 14. Nfd2 b5 15. Nc3 Nb6 16. a4 b4 17. Ncb1 Rfd8 18. Qc2 Nc6 19. Rfe1 Nd4 20. Qd1 Qe8 21. a5 Nd5 22. Nc4 Qh5 23. Nbd2 Nb5 24. Bf3 Qg6 25. Nf1 Ndc3 26. Bxc3 Nxc3 27. Qc2 Rd4 28. a6 Qe8 29. Ra1 Bd8 30. Nfd2 Bc7 31. Ne4 Nxe4 32. Bxe4 f5 33. Bb7 Rcd8 34. Na5 Bd7 35. e3 Rg4 36. Qxc5 Bb6 37. Qc2 Bb5 38. Nc4 Bc7 39. d4 exd4 40. Qxf5 Bd7 41. Qc5 Bb8 42. exd4 Qf8 43. Ne5 Qxc5 44. dxc5 Rd4 45. Nf3 Rd3 46. Be4 Rc3 47. Bd5+ Kf8 48. Ng5 Bf5 49. Be4 h6 50. Bxf5 hxg5 51. Rac1 Rxb3 52. Rcd1 Bc7 53. Bd7 Rf3 54. Kg2 Rf7 55. c6 Re7 56. Rxe7 Kxe7 57. Kf3 Rf8+ 58. Ke2 Bb6 59. f3 Rf6 60. Rb1 Ba5 61. Ke3 Kd6 62. Ke4 Kc7 63. f4 gxf4 64. gxf4 Kb6 65. Rg1 Rf7 66. Rg5 b3 67. Rg3 Kxa6 68. Rxb3 Bc7 69. f5 Bxh2 70. Kd5 Re7 71. Be6 Bc7 72. Kc5 Bb6+ 73. Kd6 Re8 74. c7 Kb7 75. Kd7 1-0

[Event "9th RTU Open 2019"]
[Site "Riga"]
[Date "2019.08.07"]
[Round "4.31"]
[White "Kjartansson, Gudmundur"]
[Black "Rakshitta Ravi"]
[Result "1-0"]
[ECO "D36"]
[WhiteElo "2470"]
[BlackElo "2112"]
[Annotator "ChessBase"]
[PlyCount "95"]
[EventDate "2019.08.05"]
[EventType "swiss"]
[EventCountry "LAT"]
[SourceTitle "playchess.com"]
[Source "ChessBase"]
[SourceQuality "1"]
[TimeControl "5400+30"]

1. d4 Nf6 2. c4 e6 3. Nc3 d5 4. cxd5 exd5 5. Bg5 Nbd7 6. e3 c6 7. Bd3 Be7 8. Nge2 O-O 9. Qc2 h6 10. Bh4 Re8 11. f3 c5 12. O-O-O c4 13. Bf5 b5 14. Nxb5 Qa5 15. Nbc3 Rb8 16. Qa4 Qb6 17. Rd2 Bb4 18. e4 g6 19. Bxf6 gxf5 20. Bh4 fxe4 21. Qc2 e3 22. Rdd1 Qa5 23. g4 Ba3 24. Na4 Nb6 25. Nac3 Nd7 26. Na4 Nb6 27. Nc5 c3 28. Qxc3 Bxb2+ 29. Qxb2 Nc4 30. Nb3 Qa4 31. Qc2 Qa3+ 32. Kb1 Nd2+ 33. Rxd2 exd2 34. Nc3 Ba6 35. Nxd5 Re2 36. Nf6+ Kf8 37. Rd1 Re3 38. Nd7+ Kg8 39. Nf6+ Kf8 40. Qc5+ Qxc5 41. Nd7+ Kg8 42. dxc5 Rb4 43. Nf6+ Kf8 44. Nd5 Rbxb3+ 45. axb3 Rxb3+ 46. Kc2 Rxf3 47. Rxd2 Bb7 48. Nf6 1-0

[Event "9th RTU Open 2019"]
[Site "Riga"]
[Date "2019.08.07"]
[Round "4.32"]
[White "Dordzhieva, Dinara"]
[Black "Bulmaga, Irina"]
[Result "1-0"]
[ECO "A14"]
[WhiteElo "2306"]
[BlackElo "2435"]
[Annotator "NA"]
[PlyCount "83"]
[EventDate "2019.08.05"]
[EventType "swiss"]
[EventCountry "LAT"]
[SourceTitle "playchess.com"]
[Source "ChessBase"]
[SourceQuality "1"]
[TimeControl "5400+30"]

1. Nf3 Nf6 2. c4 b6 3. g3 Bb7 4. Bg2 e6 5. O-O Be7 6. b3 O-O 7. Bb2 d5 8. e3 dxc4 9. bxc4 c5 10. Qe2 Nc6 11. Nc3 a6 12. Ne1 Rb8 13. f4 Qd7 14. g4 Rfd8 15. g5 Ne8 16. d3 Nd6 17. Rf3 b5 18. Rh3 g6 19. cxb5 axb5 20. Qg4 e5 21. Qh4 h5 22. e4 exf4 23. Nd5 Nd4 24. Nxe7+ Qxe7 25. Nf3 Ne8 26. Nxd4 cxd4 27. Qxf4 Rbc8 28. Rf1 Ng7 29. Rhf3 Rc2 30. Ba3 b4 31. Bxb4 Qxb4 32. Qxf7+ Kh7 33. Rf6 Rxg2+ 34. Kxg2 Qd2+ 35. Kh1 Qxg5 36. Rg1 Bd5 37. exd5 Qxd5+ 38. Qxd5 Rxd5 39. Rfxg6 Nf5 40. R6g5 Kh6 41. h4 Re5 42. Rf1 1-0

[Event "9th RTU Open 2019"]
[Site "Riga"]
[Date "2019.08.07"]
[Round "4.33"]
[White "Grinev, Valeriy"]
[Black "Haitin, Ilja"]
[Result "1-0"]
[ECO "B36"]
[WhiteElo "2437"]
[BlackElo "2315"]
[Annotator "NA"]
[PlyCount "107"]
[EventDate "2019.08.05"]
[EventType "swiss"]
[EventCountry "LAT"]
[SourceTitle "playchess.com"]
[Source "ChessBase"]
[SourceQuality "1"]
[TimeControl "5400+30"]

1. Nf3 c5 2. c4 g6 3. d4 cxd4 4. Nxd4 Nc6 5. e4 Nf6 6. Nc3 Nxd4 7. Qxd4 d6 8. Be3 Bg7 9. f3 O-O 10. Qd2 Qa5 11. Rc1 Be6 12. b3 a6 13. Na4 Qxd2+ 14. Kxd2 Nd7 15. g4 f5 16. exf5 gxf5 17. h3 d5 18. Nc5 Nxc5 19. Bxc5 Rfd8 20. Ke1 Rac8 21. Be3 dxc4 22. Bxc4 Bxc4 23. bxc4 Rd3 24. Ke2 Ra3 25. Rc2 fxg4 26. hxg4 Rc6 27. Rd1 Re6 28. Rd3 Rxd3 29. Kxd3 Rd6+ 30. Ke2 Kf7 31. c5 Rd5 32. Rc4 h5 33. Rb4 hxg4 34. fxg4 Rd7 35. Kf3 Rc7 36. Ke4 e6 37. Rb1 Bf8 38. Rf1+ Ke8 39. Rc1 Rg7 40. g5 Be7 41. Rg1 Kf7 42. Ke5 Rg6 43. Rb1 Bxg5 44. Rxb7+ Ke8 45. Bxg5 Rxg5+ 46. Kxe6 Kd8 47. Kd6 Kc8 48. Re7 Rg6+ 49. Re6 Rg2 50. Re8+ Kb7 51. c6+ Kb6 52. Rb8+ Ka7 53. c7 Rd2+ 54. Ke5 1-0

[Event "9th RTU Open 2019"]
[Site "Riga"]
[Date "2019.08.08"]
[Round "5.1"]
[White "Kovalenko, Igor"]
[Black "Puranik, Abhimanyu"]
[Result "1/2-1/2"]
[ECO "A48"]
[WhiteElo "2654"]
[BlackElo "2550"]
[Annotator "ChessBase"]
[PlyCount "250"]
[EventDate "2019.08.05"]
[EventType "swiss"]
[EventCountry "LAT"]
[SourceTitle "playchess.com"]
[Source "ChessBase"]
[SourceQuality "1"]
[TimeControl "5400+30"]

1. d4 Nf6 2. Nf3 g6 3. Bf4 Bg7 4. e3 d6 5. h3 O-O 6. c3 b6 7. a4 a6 8. Bc4 Bb7 9. O-O c5 10. Re1 Nbd7 11. Bh2 Bc6 12. d5 Bxa4 13. Qxa4 b5 14. Qa2 bxc4 15. e4 Nb6 16. Na3 Qd7 17. Nd2 Qc7 18. Ndxc4 Nfd7 19. Bg3 Nxc4 20. Nxc4 a5 21. Qb3 Rfb8 22. Qc2 Kf8 23. Re2 Nb6 24. Ne3 a4 25. Ra3 c4 26. f4 Ra5 27. Bf2 Rb5 28. Qc1 Rb3 29. Qa1 Qb7 30. Kh2 h5 31. g3 e6 32. dxe6 fxe6 33. Ng2 Kf7 34. Nh4 Nd7 35. Rxb3 Qxb3 36. f5 Ne5 37. Bd4 exf5 38. exf5 g5 39. Bxe5 Bxe5 40. Nf3 Bf6 41. Qc1 Re8 42. Rf2 Qb6 43. Kg2 Qe3 44. Qf1 Qe4 45. Kh2 d5 46. Nd2 Qe3 47. Qg2 Kg7 48. Nf1 Qe5 49. Qf3 Kh6 50. Rd2 Qe4 51. Qg2 Qxg2+ 52. Kxg2 g4 53. h4 Re5 54. Kf2 Rxf5+ 55. Ke2 Kg6 56. Rd1 a3 57. bxa3 Bxc3 58. Ne3 Rf3 59. Rxd5 Bf6 60. a4 Rxg3 61. a5 Rh3 62. Nxc4 Rh2+ 63. Ke3 Ra2 64. Ne5+ Kg7 65. Nd3 g3 66. Nf4 g2 67. Nxg2 Rxg2 68. Rxh5 Ra2 69. Rd5 Bc3 70. Rd7+ Kf6 71. h5 Rxa5 72. h6 Kg6 73. h7 Ra4 74. Kf3 Bg7 75. Rc7 Kxh7 76. Rc6 Ba1 77. Ke3 Kg7 78. Kd3 Bf6 79. Rc4 Ra5 80. Ke4 Kg6 81. Kf4 Be5+ 82. Ke4 Kf7 83. Rc6 Ke7 84. Rg6 Bf6 85. Rg8 Ke6 86. Re8+ Be7 87. Kd4 Ra4+ 88. Kd3 Kd6 89. Rh8 Bg5 90. Rg8 Bf6 91. Rb8 Kc5 92. Rf8 Be5 93. Rd8 Bd6 94. Ke3 Kd5 95. Kd3 Ra3+ 96. Kd2 Rh3 97. Rd7 Ke5 98. Rd8 Bb4+ 99. Ke2 Ke4 100. Re8+ Kf4 101. Rd8 Rh2+ 102. Kd1 Ke3 103. Re8+ Kd3 104. Rd8+ Kc3 105. Ke1 Kc4+ 106. Kf1 Bc5 107. Rc8 Kd4 108. Rc6 Kd5 109. Rc8 Be3 110. Re8 Kd4 111. Rd8+ Ke4 112. Ke1 Bd4 113. Kf1 Rf2+ 114. Ke1 Ke3 115. Rg8 Rf3 116. Rg2 Rh3 117. Kd1 Kd3 118. Rd2+ Kc4 119. Rg2 Bc3 120. Ke2 Rd3 121. Rg8 Rh3 122. Rc8+ Kd5 123. Kf2 Ke4 124. Kg2 Rd3 125. Rc4+ Ke5 1/2-1/2

[Event "9th RTU Open 2019"]
[Site "Riga"]
[Date "2019.08.08"]
[Round "5.2"]
[White "Abasov, Nijat"]
[Black "Pultinevicius, Paulius"]
[Result "1/2-1/2"]
[ECO "D10"]
[WhiteElo "2641"]
[BlackElo "2481"]
[Annotator "ChessBase"]
[PlyCount "87"]
[EventDate "2019.08.05"]
[EventType "swiss"]
[EventCountry "LAT"]
[SourceTitle "playchess.com"]
[Source "ChessBase"]
[SourceQuality "1"]
[TimeControl "5400+30"]

1. c4 c6 2. Nc3 d5 3. d4 Nf6 4. cxd5 cxd5 5. Bf4 a6 6. e3 Nc6 7. Bd3 Bg4 8. Nge2 e6 9. O-O Bd6 10. Qd2 Bxe2 11. Nxe2 O-O 12. Rfc1 Bxf4 13. Nxf4 Qd6 14. Rc3 Rfc8 15. Rac1 Rc7 16. a3 h6 17. h3 Rac8 18. b4 Ne7 19. Ne2 Ne4 20. Rxc7 Rxc7 21. Qb2 Qd7 22. Rxc7 Qxc7 23. Bxe4 dxe4 24. Qc3 Qd7 25. Qc5 Nd5 26. Nc3 Nxc3 27. Qxc3 Qd5 28. a4 f5 29. Qc2 Kh7 30. g3 Qd7 31. Kg2 Qe8 32. Qc4 b5 33. axb5 axb5 34. Qc5 Qd7 35. h4 Qd5 36. Qf8 Qc4 37. Qe8 Qd5 38. h5 Qc4 39. g4 Qe2 40. Qg6+ Kh8 41. gxf5 Qf3+ 42. Kg1 exf5 43. Qe8+ Kh7 44. Qg6+ 1/2-1/2

[Event "9th RTU Open 2019"]
[Site "Riga"]
[Date "2019.08.08"]
[Round "5.3"]
[White "Thybo, Jesper Sondergaard"]
[Black "Hovhannisyan, Robert"]
[Result "1/2-1/2"]
[ECO "D37"]
[WhiteElo "2528"]
[BlackElo "2640"]
[Annotator "ChessBase"]
[PlyCount "85"]
[EventDate "2019.08.05"]
[EventType "swiss"]
[EventCountry "LAT"]
[SourceTitle "playchess.com"]
[Source "ChessBase"]
[SourceQuality "1"]
[TimeControl "5400+30"]

1. d4 d5 2. Nf3 e6 3. c4 a6 4. cxd5 exd5 5. Nc3 Nf6 6. Bg5 Be6 7. e3 Nbd7 8. Bd3 Bd6 9. O-O c6 10. Bf4 Qc7 11. Bxd6 Qxd6 12. h3 O-O 13. Qc2 Rfe8 14. Rab1 a5 15. a3 g6 16. Rfc1 Rac8 17. Na4 Ne4 18. b4 b5 19. Nc5 Ndxc5 20. dxc5 Qc7 21. Nd4 a4 22. Bxe4 dxe4 23. Nxe6 Rxe6 24. Rd1 Rd8 25. Rxd8+ Qxd8 26. Rd1 Qf6 27. Rd4 Kg7 28. Qd1 h5 29. Rd7 h4 30. Qd4 Qxd4 31. exd4 e3 32. Kf1 Kf8 33. d5 cxd5 34. Rxd5 Re4 35. fxe3 Rxe3 36. c6 Ke7 37. Rxb5 Rxa3 38. Rb7+ Kd8 39. b5 Rb3 40. b6 Kc8 41. Rc7+ Kb8 42. Rb7+ Kc8 43. Rc7+ 1/2-1/2